[Event "XIV American Continental-ch 2019"]
[Site "Sao Paulo"]
[Date "2019.07.12"]
[Round "10.20"]
[White "Languidey, Simon Alejandro"]
[Black "Santos, Marcus Vinicius More"]
[Result "0-1"]
[ECO "A04"]
[WhiteElo "2427"]
[BlackElo "2354"]
[Annotator "ChessBase"]
[PlyCount "100"]
[EventDate "2019.07.05"]
[EventType "swiss"]
[EventCountry "BRA"]
[SourceTitle "playchess.com"]
[Source "ChessBase"]
[SourceQuality "1"]
[TimeControl "40/5400+30:1800+30"]

1. Nf3 g6 2. d4 Bg7 3. Bf4 d6 4. e3 Nf6 5. Be2 O-O 6. h3 c5 7. O-O Nc6 8. c3 cxd4 9. exd4 Be6 10. Nbd2 Qb6 11. Qc1 Rac8 12. Qb1 Bf5 13. Nc4 Qc7 14. Qd1 Nd5 15. Bg3 Bh6 16. Re1 b5 17. Ncd2 b4 18. c4 Nc3 19. bxc3 bxc3 20. d5 cxd2 21. Nxd2 Nd4 22. Rc1 Qa5 23. Nb3 Nxb3 24. axb3 Bxc1 25. Qxc1 Rb8 26. Bg4 Bxg4 27. hxg4 Rxb3 28. Rxe7 Rxg3 29. fxg3 Qc5+ 30. Kh2 a5 31. Rb7 a4 32. Rb5 Qd4 33. Ra5 Qxg4 34. Rxa4 Qh5+ 35. Kg1 Rb8 36. Qa1 Qg5 37. Ra8 Rxa8 38. Qxa8+ Kg7 39. Kh2 Qh6+ 40. Kg1 Qc1+ 41. Kh2 Qxc4 42. Qc6 Qb4 43. Qd7 h5 44. Qe7 Qc5 45. Qe4 Qc3 46. Qf4 Qe5 47. Qc4 g5 48. Kh3 Kf6 49. Qb3 g4+ 50. Kh2 h4 0-1

[Event "XIV American Continental-ch 2019"]
[Site "Sao Paulo"]
[Date "2019.07.12"]
[Round "10.21"]
[White "Cadilhac, Igor Tokuichi Kikuch"]
[Black "Sarkar, Justin"]
[Result "1-0"]
[ECO "C48"]
[WhiteElo "2291"]
[BlackElo "2389"]
[Annotator "ChessBase"]
[PlyCount "59"]
[EventDate "2019.07.05"]
[EventType "swiss"]
[EventCountry "BRA"]
[SourceTitle "playchess.com"]
[Source "ChessBase"]
[SourceQuality "1"]
[TimeControl "40/5400+30:1800+30"]

1. e4 e5 2. Nf3 Nc6 3. Nc3 Nf6 4. Bb5 Bc5 5. O-O O-O 6. Nxe5 Nxe5 7. d4 Bd6 8. f4 Neg4 9. e5 Bb4 10. exf6 Nxf6 11. f5 d5 12. Qf3 Bd7 13. Bd3 Bc6 14. Bg5 h6 15. Bh4 Be7 16. Rae1 Re8 17. Re5 Qd7 18. Rfe1 Kf8 19. Qh3 b5 20. Ne2 Ne4 21. Nf4 Bxh4 22. Qxh4 Rxe5 23. dxe5 Qxf5 24. Rf1 Re8 25. e6 Re7 26. exf7 Rxf7 27. Qd8+ Be8 28. Bxb5 Nd6 29. Bxe8 Nxe8 30. Re1 1-0

[Event "XIV American Continental-ch 2019"]
[Site "Sao Paulo"]
[Date "2019.07.12"]
[Round "10.22"]
[White "Krysa, Leandro"]
[Black "Tomiello, Lucas Costamilan"]
[Result "1-0"]
[ECO "A05"]
[WhiteElo "2517"]
[BlackElo "2133"]
[Annotator "ChessBase"]
[PlyCount "51"]
[EventDate "2019.07.05"]
[EventType "swiss"]
[EventCountry "BRA"]
[SourceTitle "playchess.com"]
[Source "ChessBase"]
[SourceQuality "1"]
[TimeControl "40/5400+30:1800+30"]

1. Nf3 Nf6 2. g3 g6 3. b3 Bg7 4. Bb2 O-O 5. Bg2 d6 6. d4 b5 7. Nfd2 c6 8. c4 a6 9. O-O Bb7 10. Nc3 Nfd7 11. e3 e5 12. dxe5 Nxe5 13. Nde4 bxc4 14. Nxd6 Nd3 15. Ba3 Qa5 16. Na4 Bxa1 17. Nxc4 Qc7 18. Bxf8 Kxf8 19. Qxa1 Nd7 20. Rd1 N3c5 21. Nxc5 Nxc5 22. Qh8+ Ke7 23. Qxh7 Ne6 24. Nd6 Kf8 25. Qh8+ Ke7 26. Qh4+ 1-0

[Event "XIV American Continental-ch 2019"]
[Site "Sao Paulo"]
[Date "2019.07.13"]
[Round "10.23"]
[White "Do Valle Cardoso, Lucas"]
[Black "Matsuura, Everaldo"]
[Result "0-1"]
[ECO "B34"]
[WhiteElo "2132"]
[BlackElo "2459"]
[Annotator "RC"]
[PlyCount "102"]
[EventDate "2019.07.05"]
[EventType "swiss"]
[EventCountry "BRA"]
[SourceTitle "playchess.com"]
[Source "ChessBase"]
[SourceQuality "1"]
[TimeControl "40/5400+30:1800+30"]

1. e4 c5 2. Nf3 Nc6 3. Nc3 g6 4. d4 cxd4 5. Nxd4 Bg7 6. Nb3 Nf6 7. Be2 O-O 8. O-O a6 9. Be3 d6 10. f4 Be6 11. Kh1 b5 12. Bf3 Rc8 13. Nd5 Nd7 14. c3 a5 15. a4 b4 16. Qd2 bxc3 17. bxc3 Ncb8 18. Rac1 Na6 19. c4 Nac5 20. Nxa5 Nxa4 21. Nb7 Qe8 22. e5 dxe5 23. Qb4 Bxd5 24. cxd5 exf4 25. Bxf4 Nab6 26. Bc7 Na8 27. Bg3 Rxc1 28. Rxc1 Ne5 29. Be2 Qd7 30. Nc5 Qxd5 31. Rd1 Qc6 32. Bxe5 Bxe5 33. Bf3 Qb6 34. Qc4 Rc8 35. Bxa8 Rxc5 36. Qa4 Bd6 37. Bd5 Kg7 38. Qd4+ f6 39. Qg4 Qd8 40. Qe6 Qf8 41. g3 f5 42. Rd4 Rc1+ 43. Kg2 Rc2+ 44. Kh3 g5 45. Bf3 Qf6 46. Rxd6 exd6 47. Qd7+ Qf7 48. Qa4 g4+ 49. Bxg4 fxg4+ 50. Qxg4+ Kf8 51. Qg5 Qe6+ 0-1

[Event "XIV American Continental-ch 2019"]
[Site "Sao Paulo"]
[Date "2019.07.12"]
[Round "10.24"]
[White "Umetsubo, Cesar Hidemitsu"]
[Black "Abdalla, Luiz Guilherme Aurel"]
[Result "1-0"]
[ECO "C04"]
[WhiteElo "2406"]
[BlackElo "2245"]
[Annotator "ChessBase"]
[PlyCount "81"]
[EventDate "2019.07.05"]
[EventType "swiss"]
[EventCountry "BRA"]
[SourceTitle "playchess.com"]
[Source "ChessBase"]
[SourceQuality "1"]
[TimeControl "40/5400+30:1800+30"]

1. e4 e6 2. d4 d5 3. Nd2 Nc6 4. Ngf3 Nf6 5. e5 Nd7 6. c3 f6 7. exf6 Qxf6 8. Be2 Bd6 9. Nf1 O-O 10. Bg5 Qf7 11. Ne3 Nf6 12. O-O Bd7 13. Bh4 e5 14. dxe5 Nxe5 15. Nxe5 Bxe5 16. Bxf6 Qxf6 17. Qxd5+ Be6 18. Qxe6+ Qxe6 19. Bc4 Rae8 20. Rfe1 Rf6 21. g3 Bd6 22. Bxe6+ Rfxe6 23. Nc2 Kf7 24. Kf1 Rxe1+ 25. Rxe1 Rxe1+ 26. Kxe1 Ke6 27. Ke2 Ke5 28. Ne3 b5 29. h4 a5 30. Kd3 a4 31. f4+ Ke6 32. Ke4 c6 33. c4 Bb4 34. cxb5 cxb5 35. Nc2 Bd2 36. Nd4+ Kd6 37. Nxb5+ Kc5 38. Kd3 Be1 39. Nc3 Kb4 40. Ne4 Kb5 41. h5 1-0

[Event "XIV American Continental-ch 2019"]
[Site "Sao Paulo"]
[Date "2019.07.13"]
[Round "11.1"]
[White "Duran Vega, Sergio"]
[Black "Gonzalez Vidal, Yuri"]
[Result "1/2-1/2"]
[ECO "A46"]
[WhiteElo "2364"]
[BlackElo "2547"]
[Annotator "ChessBase"]
[PlyCount "37"]
[EventDate "2019.07.05"]
[EventType "swiss"]
[EventCountry "BRA"]
[SourceTitle "playchess.com"]
[Source "ChessBase"]
[SourceQuality "1"]
[TimeControl "40/5400+30:1800+30"]

1. d4 Nf6 2. Nf3 e6 3. g3 d5 4. Bg2 b5 5. a4 b4 6. c4 bxc3 7. Nxc3 Nbd7 8. O-O Bd6 9. Bf4 O-O 10. Qc2 Bb7 11. a5 Ba6 12. Na4 Qe7 13. Rfc1 Rfc8 14. e3 Rab8 15. Nd2 h6 16. Qc6 Bb7 17. Bxd6 cxd6 18. Qb5 Qd8 19. b3 1/2-1/2

[Event "XIV American Continental-ch 2019"]
[Site "Sao Paulo"]
[Date "2019.07.13"]
[Round "11.4"]
[White "Supi, Luis Paulo"]
[Black "Mekhitarian, Krikor Sevag"]
[Result "1/2-1/2"]
[ECO "A36"]
[WhiteElo "2562"]
[BlackElo "2545"]
[Annotator "ChessBase"]
[PlyCount "39"]
[EventDate "2019.07.05"]
[EventType "swiss"]
[EventCountry "BRA"]
[SourceTitle "playchess.com"]
[Source "ChessBase"]
[SourceQuality "1"]
[TimeControl "40/5400+30:1800+30"]

1. c4 c5 2. g3 Nc6 3. Bg2 g6 4. Nc3 Bg7 5. d3 d6 6. Qd2 e6 7. b3 Nge7 8. Bb2 O-O 9. Na4 e5 10. Nc3 Rb8 11. e3 Bf5 12. Nge2 Qd7 13. f4 Bh3 14. Bxh3 Qxh3 15. Ne4 Rbd8 16. Nf2 Qd7 17. e4 f5 18. h4 Nd4 19. O-O-O h5 20. Kb1 1/2-1/2

[Event "XIV American Continental-ch 2019"]
[Site "Sao Paulo"]
[Date "2019.07.13"]
[Round "11.5"]
[White "Gareyev, Timur"]
[Black "Garcia Pantoja, Roberto"]
[Result "1-0"]
[ECO "D35"]
[WhiteElo "2588"]
[BlackElo "2529"]
[Annotator "ChessBase"]
[PlyCount "73"]
[EventDate "2019.07.05"]
[EventType "swiss"]
[EventCountry "BRA"]
[SourceTitle "playchess.com"]
[Source "ChessBase"]
[SourceQuality "1"]
[TimeControl "40/5400+30:1800+30"]

1. d4 d5 2. c4 e6 3. Nc3 Nf6 4. cxd5 exd5 5. Bg5 Be7 6. e3 c6 7. Bd3 O-O 8. Qc2 Nbd7 9. Nf3 Re8 10. h4 Nf8 11. O-O-O a5 12. Kb1 a4 13. a3 Qa5 14. Ne5 Ng4 15. Nf3 Nf6 16. Rc1 Be6 17. Ne5 N6d7 18. f4 f6 19. f5 Nxe5 20. dxe5 Bxf5 21. Bxf5 fxg5 22. hxg5 g6 23. Bxg6 Nxg6 24. Rh6 Bf8 25. Rxg6+ hxg6 26. Qxg6+ Bg7 27. Rh1 Re7 28. e6 Qa6 29. Rh4 Qf1+ 30. Ka2 Rxe6 31. Qh7+ Kf8 32. Rf4+ Qxf4 33. exf4 Bxc3 34. bxc3 Rae8 35. g6 Re2+ 36. Kb1 Rxg2 37. Qf7# 1-0

[Event "XIV American Continental-ch 2019"]
[Site "Sao Paulo"]
[Date "2019.07.13"]
[Round "11.6"]
[White "Pichot, Alan"]
[Black "Roselli Mailhe, Bernardo"]
[Result "1-0"]
[ECO "C16"]
[WhiteElo "2579"]
[BlackElo "2471"]
[Annotator "ChessBase"]
[PlyCount "79"]
[EventDate "2019.07.05"]
[EventType "swiss"]
[EventCountry "BRA"]
[SourceTitle "playchess.com"]
[Source "ChessBase"]
[SourceQuality "1"]
[TimeControl "40/5400+30:1800+30"]

1. e4 e6 2. d4 d5 3. Nc3 Bb4 4. e5 b6 5. a3 Bf8 6. Nf3 Ne7 7. Bb5+ c6 8. Bd3 a5 9. h4 h6 10. h5 Ba6 11. Bxa6 Nxa6 12. Ne2 c5 13. c3 Nc6 14. Nh4 Be7 15. g3 cxd4 16. cxd4 b5 17. f4 Qb6 18. Qd3 Nc7 19. b3 O-O-O 20. Bd2 Kb7 21. Nf3 Rc8 22. Kf2 f6 23. Be3 f5 24. Rhg1 Rhf8 25. Rgc1 Rg8 26. Qd1 Na6 27. Qg1 Qd8 28. Nc3 Na7 29. a4 Nb4 30. Qf1 bxa4 31. Nxa4 Qd7 32. Nc5+ Bxc5 33. dxc5 Nbc6 34. Bd2 d4 35. Qc4 Rgd8 36. Bxa5 Nxa5 37. Rxa5 d3 38. Rca1 Ra8 39. Qa6+ Kb8 40. Qb6+ 1-0

[Event "XIV American Continental-ch 2019"]
[Site "Sao Paulo"]
[Date "2019.07.13"]
[Round "11.7"]
[White "Mecking, Henrique"]
[Black "Perdomo, Leandro"]
[Result "1/2-1/2"]
[ECO "E81"]
[WhiteElo "2576"]
[BlackElo "2468"]
[Annotator "ChessBase"]
[PlyCount "96"]
[EventDate "2019.07.05"]
[EventType "swiss"]
[EventCountry "BRA"]
[SourceTitle "playchess.com"]
[Source "ChessBase"]
[SourceQuality "1"]
[TimeControl "40/5400+30:1800+30"]

1. d4 Nf6 2. c4 g6 3. Nc3 Bg7 4. e4 d6 5. f3 O-O 6. Be3 Nbd7 7. Qd2 c5 8. d5 Ne5 9. Bg5 a6 10. f4 Ned7 11. Nf3 b5 12. cxb5 Qa5 13. e5 Re8 14. Be2 axb5 15. Nxb5 Nxd5 16. Rd1 N7b6 17. exd6 exd6 18. Nxd6 Ba6 19. Nxe8 Rxe8 20. Ne5 Qxd2+ 21. Rxd2 Bxe2 22. Rxe2 f6 23. Nd3 Rxe2+ 24. Kxe2 fxg5 25. Nxc5 Nxf4+ 26. Kf3 Bxb2 27. a4 Nc4 28. Rd1 Ba3 29. g3 Bxc5 30. gxf4 gxf4 31. Rc1 Ne5+ 32. Ke4 Nd7 33. Rd1 Nf6+ 34. Kxf4 Bb4 35. h3 Kf7 36. Ra1 Bd2+ 37. Kf3 Ba5 38. Rb1 Ke6 39. Rb5 Bc7 40. a5 Nd7 41. a6 Bb6 42. Rb2 Kd6 43. Kf4 Kc6 44. Ra2 Ba7 45. Re2 Nc5 46. Re7 Kb6 47. Rxh7 Kxa6 48. Kg5 Ne6+ 1/2-1/2

[Event "XIV American Continental-ch 2019"]
[Site "Sao Paulo"]
[Date "2019.07.13"]
[Round "11.8"]
[White "Santos, Marcus Vinicius More"]
[Black "Fier, Alexandr"]
[Result "0-1"]
[ECO "D82"]
[WhiteElo "2354"]
[BlackElo "2547"]
[Annotator "ChessBase"]
[PlyCount "86"]
[EventDate "2019.07.05"]
[EventType "swiss"]
[EventCountry "BRA"]
[SourceTitle "playchess.com"]
[Source "ChessBase"]
[SourceQuality "1"]
[TimeControl "40/5400+30:1800+30"]

1. d4 Nf6 2. c4 g6 3. Nc3 d5 4. Bf4 Bg7 5. e3 c5 6. dxc5 Qa5 7. Rc1 Ne4 8. cxd5 Nxc3 9. Qd2 Qxa2 10. Rxc3 O-O 11. Bc4 Qa1+ 12. Rc1 Qxb2 13. Qxb2 Bxb2 14. Rb1 Bc3+ 15. Ke2 Nd7 16. c6 Nb6 17. Bd3 Rd8 18. Nf3 Rxd5 19. Rhc1 Rc5 20. Rb3 Bb4 21. Rd1 a5 22. Be5 Rxc6 23. Bb5 Be6 24. Rbd3 Rcc8 25. Bd4 Bc4 26. Bxc4 Nxc4 27. Ba1 f6 28. g4 Bd6 29. g5 f5 30. h4 b5 31. h5 b4 32. hxg6 hxg6 33. Rh1 a4 34. Rh8+ Kf7 35. Rh7+ Ke6 36. Rg7 Rg8 37. Nd4+ Kd7 38. Rh7 Rab8 39. Nf3 b3 40. Bf6 Rge8 41. Ne5+ Nxe5 42. Bxe5 Rb6 43. Bb2 Ra8 0-1

[Event "XIV American Continental-ch 2019"]
[Site "Sao Paulo"]
[Date "2019.07.13"]
[Round "11.9"]
[White "Escalante Ramirez, Brian Sebasti"]
[Black "Hungaski, Robert"]
[Result "1/2-1/2"]
[ECO "B13"]
[WhiteElo "2447"]
[BlackElo "2488"]
[Annotator "ChessBase"]
[PlyCount "157"]
[EventDate "2019.07.05"]
[EventType "swiss"]
[EventCountry "BRA"]
[SourceTitle "playchess.com"]
[Source "ChessBase"]
[SourceQuality "1"]
[TimeControl "40/5400+30:1800+30"]

1. e4 c6 2. d4 d5 3. exd5 cxd5 4. Bd3 Nc6 5. c3 Nf6 6. Bf4 Bg4 7. Qb3 Qd7 8. Nd2 e6 9. Ngf3 Bd6 10. Bxd6 Qxd6 11. O-O O-O 12. Rae1 Nd7 13. Qc2 h6 14. Re3 Rfc8 15. Qb1 Bxf3 16. Rxf3 e5 17. dxe5 Ndxe5 18. Rg3 Re8 19. Nb3 Rad8 20. Rd1 Qf6 21. Bf1 h5 22. h3 g6 23. Qc1 Kg7 24. Rg5 Rd6 25. Nd4 Nxd4 26. Rxd4 Red8 27. Rh4 Kf8 28. Qe3 Nc6 29. Rf4 Qe7 30. Qg3 Rf6 31. Bd3 Rxf4 32. Qxf4 Kg7 33. Qg3 Qd6 34. Bb5 Qxg3 35. Rxg3 Ne5 36. Re3 Kf6 37. Bf1 d4 38. cxd4 Rxd4 39. Re1 Rd2 40. Rb1 Nd3 41. Bxd3 Rxd3 42. Kf1 Rd2 43. a4 b6 44. b3 Ke6 45. Rc1 Kd6 46. Rc3 a5 47. Rf3 Ke7 48. Re3+ Kd7 49. Rf3 f5 50. Rg3 Rb2 51. h4 f4 52. Rxg6 Rxb3 53. g4 f3 54. Ke1 Rb4 55. gxh5 Kc7 56. Rg7+ Kc6 57. Rg6+ Kb7 58. Rg7+ Ka6 59. h6 Rxa4 60. h5 Re4+ 61. Kd2 Re5 62. h7 Rxh5 63. Kc3 Rh4 64. Rf7 Rh5 65. Kd3 a4 66. Kc3 b5 67. Kb4 Rh4+ 68. Kc5 Rc4+ 69. Kd5 Rc8 70. Rxf3 b4 71. Rg3 Rh8 72. Kc4 b3 73. Kb4 b2 74. Rg1 Rxh7 75. Kxa4 Rf7 76. Rb1 Rxf2 77. Kb3 Kb5 78. Rxb2 Rxb2+ 79. Kxb2 1/2-1/2

[Event "XIV American Continental-ch 2019"]
[Site "Sao Paulo"]
[Date "2019.07.13"]
[Round "11.10"]
[White "Hambleton, Aman"]
[Black "Quintiliano Pinto, Renato R."]
[Result "1-0"]
[ECO "E39"]
[WhiteElo "2487"]
[BlackElo "2443"]
[Annotator "ChessBase"]
[PlyCount "43"]
[EventDate "2019.07.05"]
[EventType "swiss"]
[EventCountry "BRA"]
[SourceTitle "playchess.com"]
[Source "ChessBase"]
[SourceQuality "1"]
[TimeControl "40/5400+30:1800+30"]

1. c4 e6 2. d4 Nf6 3. Nc3 Bb4 4. Qc2 c5 5. dxc5 O-O 6. a3 Bxc5 7. Nf3 Qb6 8. e4 Ng4 9. Na4 Qa5+ 10. b4 Bxf2+ 11. Qxf2 Qxa4 12. Qg3 f5 13. exf5 exf5 14. Bd3 d5 15. O-O Qb3 16. Bb1 Qc3 17. Ra2 dxc4 18. h3 Nf6 19. Re2 Nc6 20. Bb2 Nd4 21. Re7 Nxf3+ 22. Rxf3 1-0

[Event "XIV American Continental-ch 2019"]
[Site "Sao Paulo"]
[Date "2019.07.13"]
[Round "11.11"]
[White "Santiago, Yago De Moura"]
[Black "Cadilhac, Igor Tokuichi Kikuch"]
[Result "1-0"]
[ECO "A13"]
[WhiteElo "2473"]
[BlackElo "2291"]
[Annotator "ChessBase"]
[PlyCount "79"]
[EventDate "2019.07.05"]
[EventType "swiss"]
[EventCountry "BRA"]
[SourceTitle "playchess.com"]
[Source "ChessBase"]
[SourceQuality "1"]
[TimeControl "40/5400+30:1800+30"]

1. c4 e6 2. g3 Nf6 3. Bg2 c5 4. Nf3 Nc6 5. O-O d5 6. cxd5 exd5 7. d4 Bg4 8. Ne5 Be6 9. Nxc6 bxc6 10. dxc5 Bxc5 11. Nc3 O-O 12. Na4 Be7 13. Be3 Qa5 14. Rc1 Rac8 15. Bc5 Rfe8 16. a3 Nd7 17. Bxe7 Rxe7 18. Re1 Nb6 19. Nc5 Nc4 20. Qd4 f5 21. b3 Nd6 22. Qe5 Nf7 23. Qf4 g6 24. b4 Qd8 25. Red1 Qe8 26. Nb3 Bd7 27. Nd4 Nd8 28. Rc5 Ne6 29. Nxe6 Rxe6 30. e3 a6 31. Rdc1 Ra8 32. Qd4 h6 33. a4 Kh7 34. b5 axb5 35. axb5 cxb5 36. Rxd5 Rd8 37. Rc7 Re7 38. Bf1 Qf7 39. Bxb5 Rb8 40. Rdxd7 1-0

[Event "XIV American Continental-ch 2019"]
[Site "Sao Paulo"]
[Date "2019.07.13"]
[Round "11.13"]
[White "Lima, Darcy"]
[Black "Umetsubo, Cesar Hidemitsu"]
[Result "1-0"]
[ECO "E12"]
[WhiteElo "2543"]
[BlackElo "2406"]
[Annotator "ChessBase"]
[PlyCount "101"]
[EventDate "2019.07.05"]
[EventType "swiss"]
[EventCountry "BRA"]
[SourceTitle "playchess.com"]
[Source "ChessBase"]
[SourceQuality "1"]
[TimeControl "40/5400+30:1800+30"]

1. d4 Nf6 2. c4 e6 3. Nf3 b6 4. Bf4 Bb7 5. e3 Be7 6. Nc3 Nh5 7. Bg3 Nxg3 8. hxg3 d5 9. cxd5 exd5 10. Ne5 c6 11. Qh5 g6 12. Qh6 Bg5 13. Qg7 Qf6 14. Rxh7 Qxg7 15. Rxg7 Ba6 16. Nxf7 Kf8 17. Nxg5 Kxg7 18. Bxa6 Nxa6 19. Ke2 Rh5 20. Nf3 Rah8 21. Ne5 Nb8 22. Rc1 Rh1 23. Rc2 Ra1 24. g4 Rhh1 25. g5 Rhc1 26. Rd2 b5 27. a3 a5 28. Nd3 Rg1 29. g3 Na6 30. Rc2 Nc7 31. Ne5 b4 32. Na4 Rge1+ 33. Kf3 Rec1 34. Rxc1 Rxc1 35. axb4 axb4 36. Nc5 b3 37. Nxb3 Rc2 38. Nc5 Rxb2 39. Nxc6 Nb5 40. Ne5 Nc7 41. Ng4 Rb8 42. Kf4 Re8 43. Nf6 Re7 44. Kg4 Rf7 45. Nd3 Rf8 46. Nf4 Rd8 47. N6xd5 Rxd5 48. Nxd5 Nxd5 49. e4 Nc3 50. Kf4 Kf7 51. Ke5 1-0

[Event "XIV American Continental-ch 2019"]
[Site "Sao Paulo"]
[Date "2019.07.13"]
[Round "11.14"]
[White "Fernandez Reyes, Lisandro"]
[Black "Krysa, Leandro"]
[Result "1/2-1/2"]
[ECO "A05"]
[WhiteElo "2378"]
[BlackElo "2517"]
[Annotator "ChessBase"]
[PlyCount "120"]
[EventDate "2019.07.05"]
[EventType "swiss"]
[EventCountry "BRA"]
[SourceTitle "playchess.com"]
[Source "ChessBase"]
[SourceQuality "1"]
[TimeControl "40/5400+30:1800+30"]

1. Nf3 Nf6 2. b3 d5 3. Bb2 Bf5 4. g3 e6 5. Bg2 h6 6. O-O Be7 7. d3 O-O 8. Nbd2 c6 9. Re1 a5 10. a4 Na6 11. e4 Bh7 12. e5 Nd7 13. Nd4 Nb4 14. N2f3 Qb6 15. Bf1 Rac8 16. c3 Na6 17. Bc1 Nc7 18. h4 c5 19. Ne2 f6 20. Bf4 d4 21. c4 Bf5 22. exf6 Bxf6 23. Nh2 e5 24. Bc1 Na6 25. g4 Bh7 26. g5 hxg5 27. hxg5 Bxg5 28. Bxg5 Qg6 29. f4 exf4 30. Nf3 Ne5 31. Nexd4 Rce8 32. Ra2 cxd4 33. Nxe5 Qxg5+ 34. Rg2 Qf5 35. Nf3 Re3 36. Rxe3 dxe3 37. d4 Nb4 38. d5 b6 39. d6 Nd3 40. Rg5 Qe4 41. d7 Rd8 42. Bxd3 Qxd3 43. Qxd3 Bxd3 44. Ne5 Be2 45. Kg2 f3+ 46. Nxf3 Rxd7 47. Re5 Rd3 48. Ng5 Bh5 49. c5 e2 50. cxb6 Rxb3 51. Kf2 Rxb6 52. Ne4 Rb1 53. Ng3 Bg4 54. Re4 Bd7 55. Nxe2 Ra1 56. Nc3 Ra3 57. Rc4 Kf7 58. Rc5 Ke6 59. Ke1 g5 60. Kd2 g4 1/2-1/2

[Event "XIV American Continental-ch 2019"]
[Site "Sao Paulo"]
[Date "2019.07.13"]
[Round "11.15"]
[White "Hernandez Sanchez, Jairo Andres"]
[Black "Barbosa, Evandro Amorim"]
[Result "1-0"]
[ECO "B40"]
[WhiteElo "2387"]
[BlackElo "2506"]
[Annotator "ChessBase"]
[PlyCount "117"]
[EventDate "2019.07.05"]
[EventType "swiss"]
[EventCountry "BRA"]
[SourceTitle "playchess.com"]
[Source "ChessBase"]
[SourceQuality "1"]
[TimeControl "40/5400+30:1800+30"]

1. e4 c5 2. Nf3 e6 3. c4 Nc6 4. Nc3 Nf6 5. Be2 d5 6. exd5 exd5 7. d4 Be6 8. Be3 cxd4 9. Nxd4 Nxd4 10. Bxd4 dxc4 11. O-O Qa5 12. Bxf6 gxf6 13. Re1 Rd8 14. Qc2 Be7 15. Qe4 Qb4 16. Bg4 Rd6 17. Re2 Kf8 18. Rae1 Rc6 19. Qf4 h5 20. Bf3 Qd6 21. Qe3 Rb6 22. a4 Qc5 23. Qf4 Qd6 24. Qe3 Qc5 25. Qf4 Qd6 26. Qc1 Kg7 27. Rd1 Qc5 28. Ne4 Qa5 29. Qf4 Qe5 30. Qc1 h4 31. h3 Rb4 32. Nc3 Qg5 33. Qc2 Bf5 34. Be4 Bxh3 35. Nd5 Bxg2 36. Bxg2 h3 37. Qe4 hxg2 38. Qxg2 Qxg2+ 39. Kxg2 Bc5 40. Nxb4 Bxb4 41. Re4 Rc8 42. b3 a5 43. Rg4+ Kf8 44. Rxc4 Bc5 45. b4 axb4 46. a5 b3 47. Rb1 Rc7 48. Rxb3 b6 49. Rb5 f5 50. Rc1 Rc6 51. Kf3 Rd6 52. Rcb1 Rd2 53. axb6 Rxf2+ 54. Kg3 f4+ 55. Kg4 Bd6 56. Rd5 Rg2+ 57. Kf3 Rg3+ 58. Kf2 Ke7 59. Rxd6 1-0

[Event "XIV American Continental-ch 2019"]
[Site "Sao Paulo"]
[Date "2019.07.13"]
[Round "11.17"]
[White "Cubas, Jose Fernando"]
[Black "Gemy, Jose Daniel"]
[Result "1-0"]
[ECO "A00"]
[WhiteElo "2493"]
[BlackElo "2371"]
[Annotator "ChessBase"]
[PlyCount "91"]
[EventDate "2019.07.05"]
[EventType "swiss"]
[EventCountry "BRA"]
[SourceTitle "playchess.com"]
[Source "ChessBase"]
[SourceQuality "1"]
[TimeControl "40/5400+30:1800+30"]

1. Nc3 d5 2. d4 f5 3. e4 dxe4 4. Bc4 Nf6 5. f3 Nc6 6. d5 Na5 7. Qe2 e5 8. dxe6 Nxc4 9. Qxc4 Qe7 10. Qb5+ c6 11. Qxf5 Bxe6 12. Qe5 exf3 13. Nxf3 Bf5 14. Qxe7+ Bxe7 15. Nd4 Bg6 16. Bg5 Bb4 17. Bxf6 gxf6 18. O-O-O Bxc3 19. bxc3 Kf7 20. Rdf1 Rhe8 21. Rf2 Rad8 22. Rhf1 Rd6 23. g4 Kg7 24. h4 c5 25. Nb5 Rb6 26. Nc7 Re5 27. c4 Bf7 28. Rf4 h6 29. Rd1 Re7 30. Nd5 Bxd5 31. cxd5 Rb4 32. Rxb4 cxb4 33. Rd4 a5 34. d6 Rd7 35. Kd2 Kf7 36. Ke3 Ke6 37. Ke4 b5 38. Kf4 a4 39. Rd1 a3 40. Re1+ Kd5 41. Kf5 Kd4 42. Ke6 Rd8 43. Ke7 Ra8 44. d7 Kc3 45. Rb1 Kxc2 46. Rb3 1-0

[Event "XIV American Continental-ch 2019"]
[Site "Sao Paulo"]
[Date "2019.07.13"]
[Round "11.18"]
[White "Mieles Palau, Daniel"]
[Black "Molina, Roberto Junio Brito"]
[Result "1-0"]
[ECO "A11"]
[WhiteElo "2359"]
[BlackElo "2464"]
[Annotator "ChessBase"]
[PlyCount "44"]
[EventDate "2019.07.05"]
[EventType "swiss"]
[EventCountry "BRA"]
[SourceTitle "playchess.com"]
[Source "ChessBase"]
[SourceQuality "1"]
[TimeControl "40/5400+30:1800+30"]

1. c4 c6 2. Nf3 d5 3. e3 Nf6 4. Nc3 a6 5. Qc2 g6 6. d4 Bf5 7. Bd3 Bxd3 8. Qxd3 Bg7 9. O-O O-O 10. b3 Nbd7 11. Bb2 Rc8 12. Rac1 Re8 13. cxd5 cxd5 14. Rc2 Rc7 15. Rfc1 Qb8 16. Ne5 Rec8 17. Nxd7 Rxd7 18. Na4 Ne8 19. Nb6 Rd6 20. Na4 Rd7 21. Bc3 Bf8 22. Ba5 b5 1-0

[Event "XIV American Continental-ch 2019"]
[Site "Sao Paulo"]
[Date "2019.07.13"]
[Round "11.19"]
[White "Matsuura, Everaldo"]
[Black "Acosta, Pablo Alejandro"]
[Result "1-0"]
[ECO "A29"]
[WhiteElo "2459"]
[BlackElo "1992"]
[Annotator "ChessBase"]
[PlyCount "69"]
[EventDate "2019.07.05"]
[EventType "swiss"]
[EventCountry "BRA"]
[SourceTitle "playchess.com"]
[Source "ChessBase"]
[SourceQuality "1"]
[TimeControl "40/5400+30:1800+30"]

1. c4 e5 2. Nc3 Nf6 3. Nf3 Nc6 4. g3 Bb4 5. Bg2 Bxc3 6. bxc3 O-O 7. O-O Re8 8. d3 d6 9. e4 h6 10. Ne1 Nh7 11. Nc2 Be6 12. Rb1 Rb8 13. Ne3 Ne7 14. d4 Qc8 15. Re1 Bh3 16. Bh1 Kh8 17. c5 dxc5 18. dxe5 Qe6 19. Nd5 Red8 20. Qe2 Ng6 21. f4 Qd7 22. c4 c6 23. Ne3 Qd3 24. Bb2 Qxe2 25. Rxe2 h5 26. Bf3 h4 27. f5 Ng5 28. Bh1 Ne7 29. gxh4 Nh7 30. Kf2 Rd3 31. Kg3 Bxf5 32. exf5 Nxf5+ 33. Kf2 Nxh4 34. Be4 Rd7 35. Rg1 1-0

[Event "XIV American Continental-ch 2019"]
[Site "Sao Paulo"]
[Date "2019.07.13"]
[Round "11.20"]
[White "Garcia Cardenas, Pablo"]
[Black "Uribe Arteaga, Daniel"]
[Result "1-0"]
[ECO "A56"]
[WhiteElo "2443"]
[BlackElo "2304"]
[Annotator "NA"]
[PlyCount "77"]
[EventDate "2019.07.05"]
[EventType "swiss"]
[EventCountry "BRA"]
[SourceTitle "playchess.com"]
[Source "ChessBase"]
[SourceQuality "1"]
[TimeControl "40/5400+30:1800+30"]

1. d4 Nf6 2. c4 c5 3. d5 g6 4. Nc3 Bg7 5. e4 d6 6. h3 O-O 7. Nf3 e5 8. Be3 Ne8 9. g4 Nd7 10. Qc2 a6 11. Bd3 Kh8 12. Nd2 b5 13. cxb5 Nb6 14. a4 axb5 15. Nxb5 f5 16. f3 fxe4 17. Bxe4 Bh6 18. Bxh6 Qh4+ 19. Kd1 Qxh6 20. h4 Ba6 21. g5 Qh5 22. Qb3 Rf4 23. Nc7 Nxc7 24. Qxb6 Rxe4 25. Qxc7 Rd4 26. Ra3 Bc4 27. Qxd6 Bxd5 28. Qxe5+ Kg8 29. Kc1 Rd8 30. Rh2 Rxh4 31. Rxh4 Qxh4 32. Rd3 Qxa4 33. Rxd5 Re8 34. Qg3 c4 35. Ne4 Qa1+ 36. Kc2 Qa4+ 37. Kb1 Re7 38. Rd8+ Kg7 39. Qf4 1-0